 Dungeon Crawl Stone Soup version 0.29.0-4-gdea44cf6ec (webtiles) character file.

Game seed: 12672686202031253323

62 qw the Chopper (level 3, -3/46 HPs)
             Began as a Minotaur Berserker on Sept 8, 2022.
             Was a Follower of Trog.
             Slain by a gnoll
             ... wielding a +0 halberd
              (14 damage)
             ... on level 2 of the Dungeon.
             The game lasted 00:00:28 (1465 turns).

qw the Chopper (Minotaur Berserker)                 Turns: 1465, Time: 00:00:29

Health: -3/46      AC:  2    Str: 23    XL:     3   Next: 85%
Magic:  2/2        EV: 12    Int:  4    God:    Trog [*.....]
Gold:   74         SH:  0    Dex:  9    Spells: 2/2 levels left

rFire   . . .      SeeInvis .   a - +0 hand axe
rCold   . . .      Faith    .   (no shield)
rNeg    . . .      Spirit   .   b - +0 animal skin
rPois   .          Reflect  .   (helmet restricted)
rElec   .          Harm     .   (no cloak)
rCorr   .          Rampage  .   (no gloves)
Will    .....                   (no boots)
Stlth   ..........              (no amulet)
HPRegen 0.15/turn               (no ring)
MPRegen 0.08/turn               (no ring)

@: berserking, very quick
A: horns 2, retaliatory headbutt
a: Renounce Religion, Berserk


You were on level 2 of the Dungeon.
You worshipped Trog.
Trog was aware of your devotion.
You visited 1 branch of the dungeon, and saw 2 of its levels.

You collected 74 gold pieces.


Innate Abilities, Weirdness & Mutations

You have a pair of horns on your head.
You reflexively headbutt those who attack you in melee.


   Skills:
 - Level 3.6 Fighting
 + Level 5.8 Axes
 - Level 2.4 Armour
 - Level 2.1 Dodging


You had 2 spell levels left.
You didn't know any spells.
Your spell library was empty.

Inventory:

Hand Weapons
 a - a +0 hand axe (weapon)
 d - a +0 mace
Armour
 b - a +0 animal skin (worn)
 h - a +0 leather armour
Jewellery
 f - a ring of protection from fire
 j - an amulet of magic regeneration
Scrolls
 e - a scroll of teleportation {unknown}
 g - a scroll of amnesia {unknown}
 i - a scroll of poison {unknown}
Potions
 c - 2 potions of mutation {unknown}

Dungeon Overview and Level Annotations

Branches:
Dungeon (2/15)

Altars:


Message History

There is an open door here.
Enter note:
Enter note:
Enter note: A gnoll comes into view. It is wielding a +0 whip.
The gnoll shouts!
A gnoll comes into view. It is wielding a +0 mace.
Found a club.
Found an escape hatch in the floor.
The gnoll shouts!
A gnoll comes into view. It is wielding a +0 halberd.
1458 ||| INVOKING Berserk.
A red film seems to cover your vision as you go berserk!
You feel yourself moving faster!
You feel mighty! The gnoll closely misses you.
You hit the endoplasm.
The endoplasm is almost dead.
You barely miss the endoplasm. You headbutt the endoplasm.
You kill the endoplasm!
Trog accepts your kill.
The gnoll hits you from afar with a +0 spear!
The gnoll hits you with a +0 spear.
You hit the gnoll. Your headbutt misses the gnoll.
The gnoll is lightly wounded.
You slash the gnoll!
The gnoll is almost dead.
You slash the gnoll!
You kill the gnoll!
Trog accepts your kill. The gnoll hits you with a +0 spear.
You completely miss the gnoll. Your headbutt misses the gnoll.
The gnoll is almost dead.
You barely miss the gnoll.
The gnoll hits you from afar with a +0 halberd!
The gnoll hits you with a +0 spear.
You closely miss the gnoll. Your headbutt misses the gnoll.
The gnoll is severely wounded.
You slash the gnoll! The gnoll hits you with a +0 spear!
The gnoll hits you from afar with a +0 halberd!
You die...

#..# #..#.# #... #..#
#.##.# #...
#..#########.##.# #...
#..#.........##.# #...
#..#....!....##.# ###%
#..'........>##.# ####.
#.##.........##.###....
#.##..g......##...'....
#.##..@)g....######...#
#.##...g..............%
#.##........###########
....#+###.~.). #.#.
.~~~~ .. #. ~~~~ . #.
~~~ .~~


You could see 3 gnolls.

Vanquished Creatures
  A gnoll (D:2)
  An adder (D:2)
  3 dart slugs
  5 endoplasms
  A giant cockroach (D:1)
  A goblin (D:2)
  3 hobgoblins
  3 jackals (D:1)
  4 kobolds (D:1)
  6 ball pythons
  3 bats (D:1)
  4 rats (D:1)
35 creatures vanquished.

Notes
Turn   | Place    | Note
-------+----------+-------------------------------------------
     0 | D:1      | qw the Minotaur Berserker began the quest for the Orb.
     0 | D:1      | Reached XP level 1. HP: 19/19 MP: 0/0
     0 | D:1      | 0 ||| qw: Version: 0.1-a-112-g44dc6cd
     0 | D:1      | 0 ||| qw: Game counter: 6855
     0 | D:1      | 0 ||| qw: Always use a shield: true
     0 | D:1      | 0 ||| qw: Do Orc after D:15 true
     0 | D:1      | 0 ||| qw: Do second Lair branch before Depths: true
     0 | D:1      | 0 ||| qw: Lair rune preference: random
     0 | D:1      | 0 ||| qw: Plans: Normal
     0 | D:1      | 0 ||| PLANNING D:1-11
   124 | D:1      | Reached skill level 4 in Axes
   194 | D:1      | 194 ||| Stepping ~*~*~tactically~*~*~ (hiding).
   195 | D:1      | 195 ||| Stepping ~*~*~tactically~*~*~ (hiding).
   239 | D:1      | Reached XP level 2. HP: 26/26 MP: 1/1
   527 | D:1      | 527 ||| Stepping ~*~*~tactically~*~*~ (stealth).
   719 | D:1      | Reached skill level 5 in Axes
   775 | D:1      | Reached XP level 3. HP: 31/31 MP: 2/2
  1458 | D:2      | 1458 ||| INVOKING Berserk.
  1465 | D:2      | HP: 11/46 [gnoll/+0 spear (7)]
  1465 | D:2      | Slain by a gnoll

Levels and vault maps discovered:
D:1:      dpeg_arrival_three_same_balls, layout_basic, corexii_corridor_pit
D:2:      layout_basic, chequers_ecumenical_altar_island

Skill      XL: |  1  2 |
---------------+-------+-----
Axes           | 4 5 |  5.8
Fighting       | |  3.6
Armour         | |  2.4
Dodging        | |  2.1

Action                   || total
-------------------------++-------
Melee: Hand axe          ||    70
       Headbutt          ||     7
Invok: Berserk           ||     1
Armor: Animal skin       ||    12
Dodge: Dodged            ||    35

Table legend:
 A = Non-vault XP
 B = Vault XP
 C = Vault XP percentage of total XP
 D = Non-vault monster count
 E = Vault monster count
 F = Vault count percentage of total count
                 A         B        C        D         E       F
            +---------+---------+-------+---------+---------+-------
      Total |      89 |       0 |   0.0 |      35 |       0 |   0.0
            +---------+---------+-------+---------+---------+-------
        D:1 |      48 |       0 |   0.0 |      27 |       0 |   0.0
        D:2 |      41 |       0 |   0.0 |       8 |       0 |   0.0
            +---------+---------+-------+---------+---------+-------
